 Dungeon Crawl Stone Soup version 0.31-a0-1570-g93c622d222 (webtiles) character file.

Game seed: 14579440937585099005

141 Curundu the Chopper (level 5, -2/47 HPs)
             Began as a Minotaur Berserker on Jan 4, 2024.
             Was a Believer of Trog.
             Slain by Sigmund
             ... wielding a +5 scythe of freezing
              (3 damage)
             ... on level 4 of the Dungeon.
             The game lasted 00:09:42 (2682 turns).

Curundu the Chopper (Minotaur Berserker)            Turns: 2682, Time: 00:09:43

Health: -2/47      AC: 12    Str: 21 (23) XL:     5   Next: 3%
Magic:  4/4        EV:  9    Int:  1 (4)  God:    Trog [**....]
Gold:   261        SH:  0    Dex:  9 (10) Spells: 4/4 levels left

rFire   . . .        a - +4 hand axe
rCold   . . .        (no shield)
rNeg    . . .        r - +0 chain mail
rPois   .            (helmet restricted)
rElec   .            (no cloak)
rCorr   .            b - +2 pair of gloves
SInv    .            (no boots)
Will    .....        (no amulet) Stlth
                     (no ring)
HPRegen 0.27/turn    (no ring)
MPRegen 0.09/turn

%: no passive effects
@: no status effects
A: horns 2, retaliatory headbutt
a: Renounce Religion, Berserk, Trog's Hand


You were on level 4 of the Dungeon.
You worshipped Trog.
Trog was pleased with you.
You visited 1 branch of the dungeon, and saw 4 of its levels.

You collected 261 gold pieces.

Inventory:

Hand Weapons
 a - a +4 hand axe (weapon)
Armour
 b - a +2 pair of gloves (worn)
 r - a +0 chain mail (worn)
Wands
 s - a wand of flame (13)
 u - a wand of charming (8) (quivered)
Scrolls
 d - a scroll of summoning {unknown}
 h - a scroll of identify {unknown}
 i - a scroll of noise {unknown}
 o - a scroll of fog {unknown}
 p - a scroll of vulnerability {unknown}
Potions
 c - a potion of heal wounds {unknown}
 e - a potion of haste {unknown}
 f - a potion of ambrosia {unknown}
 g - a potion of degeneration
 j - a potion of lignification {unknown}
 k - 3 potions of might {unknown}
 l - 2 potions of attraction {unknown}
 m - 2 potions of enlightenment {unknown}
 n - a potion of cancellation {unknown}
 q - a potion of curing {unknown}
 t - a potion of brilliance {unknown}


   Skills:
 - Level 4.3 Fighting
 + Level 5.5 Axes
 - Level 3.3 Armour
 - Level 3.0 Dodging


You had 4 spell levels left.
You didn't know any spells.
Your spell library was empty.

Dungeon Overview and Level Annotations

Branches:
Dungeon (4/15)
 Temple: D:4-7

Altars:
Ashenzari
Elyvilon
Makhleb
Ru
Sif Muna

Annotations:
D:4 Sigmund


Innate Abilities, Weirdness & Mutations

You have a pair of horns on your head.
You reflexively headbutt those who attack you in melee.


Message History

Crazy Yiuf attacks as he pursues you! Crazy Yiuf barely misses you.
You furiously retaliate!
You headbutt Crazy Yiuf!
You feel the effects of Trog's Hand fading.
You hit Crazy Yiuf.
You kill Crazy Yiuf!
Trog accepts your kill.
You slash the fungus!
The fungus begins to die.
You hit the fungus but do no damage.
You have reached level 5!
You see here a +0 hammer.
A nearby fungus withers and dies.
Sigmund hits you but does no damage.
Your skin stops crawling.
You feel less strong-willed.
Sigmund says, "Don't worry, I'll kill you fast."
Sigmund screams, "Don't try to resist!"
Sigmund casts a spell at you.
You are confused.
Sigmund hits you with a +5 scythe of freezing.
Sigmund freezes you.
Sigmund gestures wildly while chanting.
Sigmund flickers and vanishes!
Deactivating autopickup; reactivate with Ctrl-A.
Something hits you but does no damage.
Okay, then.
It was a potion of degeneration.
There was something very wrong with that liquid.
You feel weakened.
You feel dopey.
You feel clumsy.
You feel less confused. Something hits you.
* * * LOW HITPOINT WARNING * * *
Something freezes you.
* * * LOW HITPOINT WARNING * * *
You slash something! You barely miss something. Something hits you.
* * * LOW HITPOINT WARNING * * *
Something freezes you.
* * * LOW HITPOINT WARNING * * *
You barely miss something. Something hits you.
* * * LOW HITPOINT WARNING * * *
Something freezes you.
You die...

#.# #.# #.# #.###### #########
#......# ........# #..# #.#
.######.####..###.#
#.......#.......##♣♣ # #
#.###.#....@.....#P♣♣ ♣♣#..
#.##.###.###..{#......P♣♣♣♣@'..
#...)....##...........P)♣..♣#..
####.#######........#).♣.♣♣♣ #
#.# #..###.###♣♣♣♣♣ #.#
#......# #.# ##.##### ########
####.# #+# #......## ##.##.#
#.......#


There were no monsters in sight!

Vanquished Creatures
  Crazy Yiuf (D:4)
  Jessica (D:2)
  An adder (D:3)
  2 dart slugs (D:2)
  4 orcs (D:3)
  6 endoplasms
  A giant cockroach (D:1)
  11 goblins
  6 hobgoblins
  6 quokkas
  8 ball pythons
  6 bats
  2 frilled lizards
  4 kobolds
  4 rats
63 creatures vanquished.

Notes
Turn   | Place    | Note
-------+----------+-------------------------------------------
     0 | D:1      | Curundu the Minotaur Berserker began the quest for the Orb.
     0 | D:1      | Reached XP level 1. HP: 19/19 MP: 0/0
   273 | D:1      | Reached XP level 2. HP: 19/27 MP: 1/1
   419 | D:1      | Reached skill level 4 in Axes
   531 | D:1      | Reached XP level 3. HP: 30/33 MP: 2/2
   841 | D:1      | Reached ** piety under Trog
  1122 | D:2      | Noticed Jessica
  1128 | D:2      | Killed Jessica
  1129 | D:2      | Reached XP level 4. HP: 39/41 MP: 3/3
  1958 | D:3      | Found a sacrificial altar of Ru.
  2159 | D:3      | Found a shimmering blue altar of Sif Muna.
  2205 | D:3      | Reached skill level 5 in Axes
  2221 | D:3      | Found a broken altar of Ashenzari.
  2317 | D:3      | Found a burning altar of Makhleb.
  2317 | D:3      | Noticed an Executioner
  2498 | D:3      | Found a white marble altar of Elyvilon.
  2647 | D:4      | Found a runed translucent door.
  2648 | D:4      | Noticed Crazy Yiuf
  2650 | D:4      | Noticed Sigmund
  2662 | D:4      | Killed Crazy Yiuf
  2663 | D:4      | Reached XP level 5. HP: 19/47 MP: 4/4
  2682 | D:4      | HP: 1/47 [something (5)]
  2682 | D:4      | Slain by Sigmund

Illustrated notes

Levels and vault maps discovered:
D:1:      erik_arrival_triangle_small, layout_loops_ring, minmay_tromino_i4
D:2:      layout_basic, uniq_jessica
D:3:      layout_loops_cross, hellmonk_sif_muna_bookshelves,
          makhleb_altar_promises_db, mainiacjoe_overflow_brackets,
          lemuel_coloured_pillars_altar, mainiacjoe_overflow_small_starburst,
          serial_park_tiny_1
D:4:      layout_loops_corners, uniq_duvessa, uniq_crazy_yiuf_cottage,
          uniq_sigmund, uniq_blork_the_orc

Skill      XL: |  1  2  3  4 |
---------------+-------------+-----
Axes           | 4 5 |  5.5
Fighting       | 4 |  4.3
Armour         | 3 |  3.3
Dodging        | 3 |  3.0

Action                     |  1- 3 |  4- 6 || total
---------------------------+-------+-------++-------
  Melee: Hand axe          |    81 |    52 ||   133
         Headbutt          |     9 |     6 ||    15
 Invoke: Trog's Hand       |       |     1 ||     1
  Evoke: Wand              |       |     1 ||     1
    Use: Scroll            |       |     4 ||     4
         Potion            |       |     1 ||     1
 Armour: Animal skin       |    24 |       ||    24
         Ring mail         |    29 |     2 ||    31
         Chain mail        |       |    47 ||    47
  Dodge: Dodged            |    49 |    28 ||    77

Table legend: (Time is in decaauts)
 A = Elapsed time spent in this place.
 B = Non-inter-level travel time spent in this place.
 C = Inter-level travel time spent in this place.
 D = Time resting spent in this place.
 E = Time spent auto-exploring this place.
 F = Levels seen in this place.
 G = Mean time per level.
                   A        B        C        D        E       F      G
               +--------+--------+--------+--------+--------+-----+--------+
         Total |   2693 |   2693 |      0 |      0 |   1996 |   4 |  673.2 |
       Dungeon |   2693 |   2693 |      0 |      0 |   1996 |   4 |  673.2 |
               +--------+--------+--------+--------+--------+-----+--------+

Top non-repeatable levels by time:
     D:1: 976 daAuts
     D:2: 853 daAuts
     D:3: 716 daAuts
     D:4: 146 daAuts
